 Dungeon Crawl Stone Soup version 0.30-a0-878-gc727b3d3d6 (webtiles) character file.

Game seed: 18138607676805766676

308 IndexError the Firebug (level 6, -1/32 HPs)
             Began as a Gargoyle Fire Elementalist on Mar 12, 2023.
             Slain by an orc
             ... wielding a +0 hand axe
              (5 damage)
             ... on level 3 of the Dungeon.
             The game lasted 00:08:57 (2973 turns).

IndexError the Firebug (Gargoyle Fire Elementalist) Turns: 2973, Time: 00:08:58

Health: -1/32      AC:  8    Str: 11    XL:     6   Next: 40%
Magic:  4/12       EV: 11    Int: 21    God:
Gold:   135        SH:  0    Dex: 10    Spells: 10/13 levels left

rFire   . . .      SeeInvis +    h - +1 whip (vamp) {!w}
rCold   . . .      Faith    .    (no shield)
rNeg    + . .      Spirit   .    a - +0 robe
rPois   ∞          Reflect  .    (no helmet)
rElec   +          Rampage  .    g - +0 cloak of Ochyneud {Int+3 SInv}
rCorr   .                        q - +0 pair of gloves
Will    .....                    (no boots)
Stlth   ++                       (no amulet)
HPRegen 0.25/turn                (no ring)
MPRegen 0.13/turn                (no ring)

@: no status effects
A: sickness immunity, AC +4, negative energy resistance 1, electricity
resistance, torment resistance 1, petrification resistance
a: no special abilities


You were on level 3 of the Dungeon.
You visited 1 branch of the dungeon, and saw 6 of its levels.

You collected 135 gold pieces.

Inventory:

Hand Weapons
 h - a +1 vampiric whip (weapon) {!w}
   (You took it off a kobold on level 1 of the Dungeon)
 j - a +0 sling
   (You found it on level 1 of the Dungeon)
Missiles
 p - 2 javelins
Armour
 a - a +0 robe (worn)
 g - the +0 cloak of Ochyneud (worn) {Int+3 SInv}
   (You found it on level 2 of the Dungeon)

   Int:       It affects your intelligence (+3).
   SInv:      It lets you see invisible.
 q - a +0 pair of gloves (worn)
   (You found it on level 3 of the Dungeon)
Magical Staves
 o - a staff of fire {rF+}
   (You found it on level 2 of the Dungeon)
Jewellery
 s - a ring of see invisible {sInv, !d}
   (You found it on level 4 of the Dungeon)
Scrolls
 d - 7 scrolls of identify {unknown}
 n - a scroll of teleportation
Potions
 b - a potion of magic
 e - 2 potions of brilliance {unknown}
 i - a potion of cancellation {unknown}
 l - a potion of heal wounds {unknown}
 m - 2 potions of mutation {unknown}


   Skills:
 - Level 1.5 Dodging
 - Level 2.1 Stealth
 + Level 4.4 Spellcasting
 - Level 1.1 Conjurations
 + Level 5.3 Fire Magic


You had 10 spell levels left.
You knew the following spells:

 Your Spells              Type           Power      Damage    Failure   Level
a - Foxfire               Conj/Fire      72%        2x1d7     3%          1
b - Scorch                Fire           54%        2d8       1%          2

Your spell library contained the following spells:

 Spells                   Type           Power      Damage    Failure   Level
 Slow                     Hex            16%        N/A       12%         1
 Inner Flame              Hex/Fire       15%        N/A       12%         3
 Kindle Blastsparks       Fire/Tloc/Air  24%        2d12      17%         3
 Flame Wave               Conj/Fire      18%        2d7       30%         4
 Call Canine Familiar     Summ           4%         N/A       34%         3
 Confusing Touch          Hex            4%         N/A       34%         3
 Portal Projectile        Hex/Tloc       8%         N/A       34%         3
 Vampiric Draining        Necr           4%         2d6       34%         3
 Leda's Liquefaction      Hex/Erth       2%         N/A       75%         4


Dungeon Overview and Level Annotations

Branches:
Dungeon (6/15)
 Temple: D:4-7

Altars:


Innate Abilities, Weirdness & Mutations

You are immune to sickness and miasma.
Your stone body is resilient. (AC +4)
You are immune to poison.
You resist negative energy. (rN+)
You are resistant to electric shocks. (rElec)
You are resistant to unholy torment.
You are immune to petrification.


Message History

You take 2 damage, and have 30/32 hp.
The giant cockroach barely misses you.
The giant cockroach bites you but does no damage.
You hear the rapid rusting of a very distant drain.
You see here a book of the Hunter.
You pick up a book of the Hunter and begin reading...
You add the spells Call Canine Familiar, Portal Projectile and Leda's Liquefaction to your library.
The giant cockroach bites you but does no damage.
You whack the giant cockroach!
No target in view!
No target in view!
Health restored: 32
d - 6 scrolls labelled HYIW XECAI (gained 1)
d - 7 scrolls labelled HYIW XECAI (gained 1)
Okay, then.
You hear the rapid rusting of a very distant drain.
There is a stone staircase leading up here.
You see here a +0 club.
You hear the drain falling apart.
An orc comes into view. It is wielding a +0 hand axe.
The walls and floor vibrate strangely for a moment.
The orc shouts!
The orc wizard shouts!
You hear a shout!
The orc hits you but does no damage.
An orc comes into view. It is wielding a +1 hand axe of venom.
The orc wizard hits you but does no damage.
The orc closely misses you.
The orc wizard hits you but does no damage.
The orc hits you with a +0 whip.
You take 2 damage, and have 30/32 hp.
The orc wizard attacks as you move away!
The orc wizard hits you with a +0 dagger.
The orc attacks as you move away! The orc barely misses you.
You take 2 damage, and have 28/32 hp.
Casting: Foxfire (safe; 3% risk of failure)
Confirm with . or Enter, or press ? or * to list all spells.
Flames lash the orc.
The orc wizard mumbles some strange words.
The orc wizard flickers and vanishes for a moment.
You now have 10/12 mp.
Casting: Scorch (safe; 1% risk of failure)
Confirm with . or Enter, or press ? or * to list all spells.
Flames lash the orc wizard.
The orc wizard's fire resistance burns away.
The orc wizard hits you but does no damage.
You now have 8/12 mp.
Casting: Scorch (safe; 1% risk of failure)
Confirm with . or Enter, or press ? or * to list all spells.
Flames lash the orc wizard.
The orc wizard barely misses you.
You now have 6/12 mp.
You closely miss the orc wizard.
The orc wizard hits you but does no damage.
You barely miss the orc wizard.
The orc wizard hits you but does no damage.
You hit the orc wizard but do no damage.
The orc wizard hits you but does no damage.
The orc wizard gestures at you while chanting.
You are confused.
You bump into the rock wall.
The orc wizard hits you but does no damage.
You hit the orc wizard. The orc wizard casts a spell at you.
You are more confused.
You bump into the rock wall.
The orc wizard hits you with a +0 dagger.
You take 3 damage, and have 27/32 hp.
You bump into the rock wall.
The orc wizard is no longer more vulnerable to fire.
The orc wizard barely misses you.
The orc wizard gestures at you while chanting.
The puff of flame hits you!
You take 8 damage, and have 19/32 hp.
MASSIVE DAMAGE!!
The orc wizard casts a spell at you. You resist with some effort.
You bump into the rock wall.
The orc wizard hits you but does no damage.
You miss the orc wizard. The orc wizard casts a spell at you.
The magic dart hits you.
You take 2 damage, and have 18/32 hp.
You bump into the rock wall.
The orc wizard closely misses you.
You bump into the rock wall.
The orc wizard gestures at you while chanting.
The magic dart hits you.
You take 6 damage, and have 12/32 hp.
You closely miss the orc wizard.
You feel less confused.
The orc wizard points at you and mumbles some strange words.
The puff of flame hits you!
* * * LOW HITPOINT WARNING * * *
You take 8 damage, and have 4/32 hp.
MASSIVE DAMAGE!!
You barely miss the orc wizard.
The orc wizard hits you but does no damage.
Casting: Scorch (safe; 1% risk of failure)
Confirm with . or Enter, or press ? or * to list all spells.
Flames lash the orc wizard.
You now have 6/12 mp.
Casting: Scorch (safe; 1% risk of failure)
Confirm with . or Enter, or press ? or * to list all spells.
Flames lash the orc.
The orc hits you with a +0 hand axe.
You die...

#.........)<##..######
#.###.########........
#.# ##.####.. #.#
#....... #.# #.......
#.# #.#.#... #.#
#.#...). #.# .
...#.##. #@# ...
.....##.
.##.###o##..... ..##
#. ....o..)....... .#
#. ##########....? #.
.... #. ... ##


You could see an orc.

Vanquished Creatures
  Sigmund (D:6)
  An orc wizard (D:3)
  4 gnolls (D:2)
  2 adders (D:3)
  A worm (D:3)
  2 dart slugs
  7 orcs
  An endoplasm (D:3)
  4 giant cockroaches
  5 goblins
  2 hobgoblins (D:3)
  7 jackals (D:1)
  4 kobolds
  2 quokkas
  7 ball pythons
  3 bats
  2 frilled lizards
  A rat (D:1)
56 creatures vanquished.

Vanquished Creatures (others)
  160 foxfires
160 creatures vanquished.

Grand Total: 216 creatures vanquished

Notes
Turn   | Place    | Note
-------+----------+-------------------------------------------
     0 | D:1      | IndexError the Gargoyle Fire Elementalist began the quest
                  | for the Orb.
     0 | D:1      | Reached XP level 1. HP: 10/10 MP: 3/3
   301 | D:1      | Reached XP level 2. HP: 12/15 MP: 0/5
   731 | D:1      | Reached XP level 3. HP: 19/19 MP: 0/6
  1205 | D:2      | Identified the +0 cloak of Ochyneud {Int+3 SInv}
  1374 | D:2      | HP: 3/19 [gnoll/+0 spear (7)]
  1536 | D:2      | Reached skill level 3 in Spellcasting
  1707 | D:2      | Reached skill level 4 in Fire Magic
  1707 | D:2      | Reached XP level 4. HP: 24/24 MP: 2/8
  1982 | D:2      | Found a faded altar of an unknown god.
  2441 | D:3      | Learned a level 2 spell: Scorch
  2587 | D:3      | You fall into a shaft and drop 3 floors!
  2612 | D:6      | Noticed Sigmund
  2620 | D:6      | Killed Sigmund
  2621 | D:6      | Reached skill level 4 in Spellcasting
  2621 | D:6      | Reached skill level 5 in Fire Magic
  2621 | D:6      | Reached XP level 5. HP: 28/28 MP: 0/11
  2621 | D:6      | Reached XP level 6. HP: 32/32 MP: 0/12
  2709 | D:5      | Entered Level 5 of the Dungeon
  2970 | D:3      | HP: 4/32 [orc wizard/puff of flame (9)]
  2973 | D:3      | Slain by an orc

Illustrated notes

Levels and vault maps discovered:
D:1:      dpeg_arrival_oval, layout_basic
D:2:      layout_loops_cross, ebering_ecumenical_altar_abandoned,
          minmay_heptomino_l4
D:3:      layout_loops_ring, gup_sewer_entry_bubbles, kennysheep_generic_room_15
D:4:      layout_cave_pods, mainiacjoe_overflow_brackets
D:5:      layout_basic, nicolae_ru_great_annihilating_truth
D:6:      layout_loops_cross, vehumet_altar_wand_db,
          mainiacjoe_overflow_surrounded_room, minmay_temple_entry_offerings,
          serial_shops, nicolae_shop_competitors_out_of_business, minivault_1,
          dreamdust_princess_corridor, st_stairs_12, minmay_stone_trees_medium,
          uniq_sigmund, uniq_eustachio

Skill      XL: |  1  2  3  4 |
---------------+-------------+-----
Spellcasting   | 3 4 |  4.4
Fire Magic     | 4 5 |  5.3
Dodging        | |  1.5
Stealth        | |  2.1
Conjurations   | |  1.1

Action                     |  1- 3 |  4- 6 || total
---------------------------+-------+-------++-------
  Melee: Dagger            |    16 |       ||    16
         Whip              |       |    19 ||    19
   Fire: Sling             |     1 |       ||     1
   Cast: Foxfire           |    51 |    43 ||    94
         Scorch            |       |     9 ||     9
    Use: Scroll            |       |     6 ||     6
 Armour: Robe              |    18 |    21 ||    39
  Dodge: Dodged            |    34 |    28 ||    62

Table legend: (Time is in decaauts)
 A = Elapsed time spent in this place.
 B = Non-inter-level travel time spent in this place.
 C = Inter-level travel time spent in this place.
 D = Time resting spent in this place.
 E = Time spent auto-exploring this place.
 F = Levels seen in this place.
 G = Mean time per level.
                   A        B        C        D        E       F      G
               +--------+--------+--------+--------+--------+-----+--------+
         Total |   2975 |   2762 |    213 |     99 |   2011 |   6 |  495.8 |
       Dungeon |   2975 |   2762 |    213 |     99 |   2011 |   6 |  495.8 |
               +--------+--------+--------+--------+--------+-----+--------+

Top non-repeatable levels by time:
     D:1: 1458 daAuts
     D:2: 870 daAuts
     D:3: 473 daAuts
     D:6: 122 daAuts
     D:5: 35 daAuts
     D:4: 15 daAuts

Table legend:
 A = Kills in this place as a percentage of kills in the entire game.
 B = Kills by you in this place as a percentage of kills by you in the entire game.
 C = Kills by friends in this place as a percentage of kills by friends in the entire game.
 D = Other kills in this place as a percentage of other kills in the entire game.
 E = Experience gained in this place as a percentage of experience gained in the entire game.
 F = Experience gained in this place divided by the number of levels of this place that you have seen.
                   A       B       C       D       E      F
               +-------+-------+-------+-------+-------+----------------------
         Total | 100.0 | 100.0 |   N/A |   N/A | 100.0 |  74.0
       Dungeon | 100.0 | 100.0 |   N/A |   N/A | 100.0 |  74.0
               +-------+-------+-------+-------+-------+----------------------
